 Dungeon Crawl Stone Soup version 0.15-a0-429-gf5d7e11 (webtiles) character file.

76355 4tharraofdagon the Brawler (level 15, -7/89 HPs)
             Began as a Vine Stalker Berserker on May 6, 2014.
             Was a High Priest of Trog.
             Killed by divine providence
             ... invoked by a deep elf high priest
              (16 damage)
             ... on Level 3 of the Elven Halls.
             The game lasted 01:10:09 (9791 turns).

4tharraofdagon the Brawler (Vine Stalker Berserker) Turns: 9791, Time: 01:10:09

HP  -7/89        AC 35     Str 25      XL: 15   Next: 51%
MP   0/44        EV  3     Int  7      God: Trog [*****.]
Gold 397         SH 26     Dex 17      Spells:  0 memorised, 14 levels left

rFire  + + .     SeeInvis +       - Unarmed
rCold  + . .     Clarity  .     v - +11 crystal plate armour of the Blind Marksman {rN+}
rNeg   + . .     Conserve +     s - +0 shield {reflect}
rPois  .         rCorr    .     w - +0 mask of the Dragon {MR+ Acc+3 Dam+3 SInv}
rElec  .         rRot     +     B - +1 cloak "Qaumo" {+Blink rF++}
SustAb . .       Spirit   +     (no gloves)
rMut   .         Warding  .     f - +1 pair of boots {rC+}
Saprov . . .     Stasis   .     V - amulet of conservation
MR     ++++.                    a - ring of magical power
                                z - ring of magical power

@: regenerating, about to teleport, incredibly resistant to hostile
enchantments, extremely unstealthy
A: antennae 1, fangs 3, talons 1, agile 1, regeneration 3, robust 1, magic
shield, antimagic bite, no device heal
a: Burn Spellbooks, Berserk, Trog's Hand, Brothers in Arms, Renounce Religion,
Evoke Blink


You were on level 3 of the Elven Halls.
You worshipped Trog.
Trog was extremely pleased with you.
You were not hungry.

You visited 4 branches of the dungeon, and saw 27 of its levels.
You also visited: Labyrinth and Ice Cave.

You collected 2222 gold pieces.
You spent 1825 gold pieces at shops.

Inventory:

Missiles
 p - 6 curare-tipped needles
Armour
 f - a +1 pair of boots of cold resistance (worn)
 s - a +0 shield of reflection (worn)
 v - the +11 crystal plate armour of the Blind Marksman (worn) {rN+}
   (You found it in a labyrinth)

   It protects you from negative energy.
 w - the +0 mask of the Dragon (worn) {MR+ Acc+3 Dam+3 SInv}
   (You bought it in a shop on level 4 of the Orcish Mines)

   It affects your accuracy with ranged weapons and melee attacks (+3).
   It affects your damage with ranged weapons and melee attacks (+3).
   It affects your resistance to hostile enchantments.
   It enhances your eyesight.
 A - a cursed +0 pair of boots
 B - the +1 cloak "Qaumo" (worn) {+Blink rF++}
   (You bought it in a shop on level 4 of the Orcish Mines)

   It greatly protects you from fire.
   It lets you blink.
Magical devices
 d - a wand of slowing (10)
 g - a wand of paralysis (8)
 q - a wand of fire (9)
 u - a wand of enslavement (11)
 D - a wand of heal wounds (7)
 P - a wand of confusion (12)
 X - a wand of enslavement (11)
Comestibles
 c - 5 bread rations
 H - 14 meat rations
Scrolls
 h - 2 scrolls of teleportation
 i - 6 scrolls of remove curse
 t - a scroll of enchant weapon I
 y - 2 scrolls of fear
 F - a scroll of enchant armour
 R - a scroll of noise
 U - a scroll of recharging
 Z - a scroll of blinking
Jewellery
 a - a ring of magical power (right hand)
 e - an uncursed amulet of resist mutation
 z - a ring of magical power (left hand)
 K - an uncursed ring of protection from fire {unknown}
 L - an uncursed ring of protection from cold
 M - the ring of Schay {+cTele Str+3 Dex+4 Int+1, unknown}
   (You took it off a deep elf demonologist on level 3 of the Elven Halls)

   [ring of teleport control]

   It can be evoked for teleport control.
   It affects your strength (+3).
   It affects your intelligence (+1).
   It affects your dexterity (+4).
 V - an amulet of conservation (around neck)
Potions
 j - 4 potions of agility
 n - 5 potions of brilliance
 o - 4 potions of restore abilities
 r - 2 potions of curing
 C - 2 potions of flight
 E - 3 potions of invisibility
 G - 10 potions of might
 J - a potion of magic
 S - 3 potions of lignification {unknown}
 T - 2 potions of haste
Books
 m - a book of Death

   Spells                             Type                      Level
   Corpse Rot                         Necromancy                   2
   Sublimation of Blood               Necromancy                   2
   Agony                              Necromancy                   5
   Dispel Undead                      Necromancy                   5
   Excruciating Wounds                Charms/Necromancy            5
   Bolt of Draining                   Conjuration/Necromancy       5
   Trog disapproves of the use of such an item.
 I - a book of Maledictions

   Spells                             Type                      Level
   Corona                             Hexes                        1
   Sure Blade                         Hexes/Charms                 2
   Ensorcelled Hibernation            Hexes/Ice                    2
   Confuse                            Hexes                        3
   Dazzling Spray                     Conjuration/Hexes            3
   Enslavement                        Hexes                        4
   Trog disapproves of the use of such an item.
Miscellaneous
 b - a lamp of fire
 l - a plain deck of dungeons
 x - a plain deck of changes
 O - a crystal ball of energy
Rods
 Y - a +4 rod of ignition (14/14)
   (You found it in a labyrinth)


   Skills:
 + Level 10.7 Fighting
 - Level 2.6 Maces & Flails
 + Level 9.5 Armour
 - Level 8.0 Dodging
 + Level 9.6 Shields
 * Level 15.8 Unarmed Combat
 - Level 6.3 Evocations


You had 14 spell levels left.
You didn't know any spells.

Dungeon Overview and Level Annotations

Branches:
Dungeon (12/15)            Temple (0/1) D:6             Orc (4/4) D:9
    Elf (3/3) Orc:4          Lair (8/8) D:8          Shoals (0/5) Lair:5
  Snake (0/5) Lair:3        Slime (0/6) Lair:7

Altars:
Cheibriados
Makhleb
Jiyva

Shops:
D:6 *!:   Orc:2 *   Orc:3 !   Orc:4 (:[=[:?

Portals:
Hell: Lair:8

Annotations:
D:5 Prince Ribbit


Innate Abilities, Weirdness & Mutations

You are immune to rotting.
You have razor-sharp teeth.
You regenerate.
When hurt, damage is shared between your health and your magic reserves.
Your bite disrupts and absorbs the magic of your enemies.
Potions and wands cannot restore your HP.
You have a pair of small antennae on your head.
You have sharp toenails.
You are agile. (Dex +2)
You are robust (+10% HP).


Message History

The poison arrow hits you!
You are more poisoned.
* * * LOW HITPOINT WARNING * * *
Unknown command.
Drink which item? (? for menu, Esc to quit)
You feel better.
The spectral elf points at you and mumbles some strange words.
The bolt of lightning misses you.
Unknown command.
Unknown command.
Read which item? (? for menu, Esc to quit)
As you read the scroll of fog, it crumbles to dust.
The scroll dissolves into smoke.
Read which item? (? for menu, Esc to quit)
As you read the scroll of teleportation, it crumbles to dust.
You feel strangely unstable.
Unknown command.
The deep elf high priest invokes the aid of its god against you.
Something smites you!
You die...

#*,*********#(#**** *+**#.......
#*,,,,,,,,,*#.#*,,,,,,,,,#.......
##,,,,,,,,,*#.#* ,,,,,,,,#.......
.#,,,,,,,,,*#.#*,,,,,,,,,#......!
#*,,,,,,,,,*#.#*,,,,,,,,,#.......
#**********##e##*********#.......
# ##()§## ###)'###
###########.)#§e############.....
)...).))...[###§@§§§..(Z)..)..###
############################(.# #
##........##........#####..### #
##.........#..........'.<...... #
#.....(...............######### #
#.................^...#
###.....................#
())))...................#
###....................##


You could see a deep elf high priest.

Vanquished Creatures
  A deep elf blademaster (Elf:3)
  Rupert (Elf:2)
  Donald (Elf:2)
  Maud (Lair:6)
  Gastronok (D:11)
  5 deep elf demonologists (Elf:3)
  5 deep elf annihilators (Elf:3)
  A minotaur (Lab)
  A deep elf death mage (Elf:3)
  An ice dragon (Orc:3)
  Harold (Lair:1)
  4 hydras
  A spectral elf (Elf:3)
  An orc high priest (Orc:4)
  A tengu warrior (D:12)
  8 death yaks (Lair:8)
  Urug (Orc:4)
  5 deep elf knights
  An ice devil (IceCv)
  A hell beast (Lair:8)
  A deep elf summoner (Elf:1)
  2 ice statues (IceCv)
  A wizard (Lair:8)
  2 hill giants
  An orc knight (Orc:4)
  3 deep elf conjurers
  A griffon (Lair:6)
  A black mamba (Lair:6)
  A feature mimic (D:11)
  A mermaid (Lair:5)
  An elephant (Lair:8)
  A gargoyle (D:12)
  11 spiny frogs
  A hellwing (Elf:3)
  3 fire drakes
  6 deep elf priests
  4 komodo dragons
  A giant firefly (Lair:3)
  2 merfolk (Lair:5)
  4 polar bears
  A troll (D:12)
  4 slime creatures (D:12)
  4 ravens (D:12)
  9 blue devils
  5 blink frogs (Lair:8)
  A boulder beetle (Lair:6)
  A basilisk (D:8)
  3 deep elf magi
  A shark (Lair:5)
  A wyvern (Lair:8)
  A spriggan (Lair:3)
  An elephant slug (Lair:5)
  3 ugly things (D:11)
  15 yaks
  A hungry ghost (D:8)
  11 hippogriffs
  Eustachio (D:9)
  Grum (Orc:3)
  6 deep elf fighters
  3 vampire mosquitoes (D:12)
  5 humans (D:6)
  A soldier ant (D:11)
  A necrophage (D:12)
  9 porcupines
  3 wargs
  12 water moccasins
  11 orc warriors
  11 wolves
  5 ice beasts
  2 phantoms
  4 ogres
  A lost soul (Elf:3)
  11 centaurs
  7 crocodiles
  3 big kobolds (D:10)
  4 giant slugs
  2 gnoll sergeants
  14 giant frogs
  2 scorpions
  6 killer bees (D:10)
  12 wights
  An electric eel (Lair:6)
  2 goliath beetles
  7 crimson imps
  A giant frog zombie (D:12)
  Crazy Yiuf (D:6)
  A centaur skeleton (D:4)
  5 hounds
  A jelly (D:11)
  10 orc priests
  2 iguanas
  10 orc wizards
  19 sheep
  6 worker ants
  Jessica (D:2)
  A mummy (D:12)
  14 gnolls
  A scorpion zombie (D:6)
  17 adders
  2 giant mites
  An orc skeleton (D:12)
  44 green rats
  2 shadow imps
  An inept item mimic (Orc:2)
  6 white imps (IceCv)
  2 worms
  8 ufetubi (IceCv)
  An adder zombie (D:9)
  An adder skeleton (D:9)
  A giant eyeball (D:5)
  3 giant geckos
  80 orcs
  2 ball pythons
  12 bats
  13 hobgoblins
  16 jackals
  5 kobolds
  6 quokkas
  A giant cockroach (D:8)
  5 giant newts
  9 goblins
  9 rats
  A rat skeleton (Orc:4)
  11 ballistomycetes
631 creatures vanquished.

Vanquished Creatures (collateral kills)
  A deep elf blademaster (Elf:3)
  3 orc high priests (Orc:4)
  3 deep elf knights (Elf:3)
  3 orc knights (Orc:4)
  3 orc sorcerers (Orc:4)
  5 orange demons (Lair:8)
  A hellwing (Lair:8)
  A red devil (Lair:8)
  2 blue devils (Lair:8)
  A hell hound (Lair:8)
  4 orc warriors (Orc:4)
  2 yak skeletons (Orc:4)
  2 orc wizards (Orc:4)
  2 orc priests (Orc:4)
  An orc zombie (Orc:4)
  10 orcs (Orc:2)
  2 goblins (Orc:2)
  9 rat skeletons (Orc:4)
55 creatures vanquished.

Vanquished Creatures (others)
  A deep troll (Lair:8)
  2 ogres
  A white imp (IceCv)
  2 ufetubi (IceCv)
  A quokka (D:6)
  2 giant spores
9 creatures vanquished.

Grand Total: 695 creatures vanquished

Notes
Turn   | Place    | Note
--------------------------------------------------------------
     0 | D:1      | 4tharraofdagon, the Vine Stalker Berserker, began the quest for the Orb.
     0 | D:1      | Reached XP level 1. HP: 11/11 MP: 1/1
    52 | D:2      | Noticed Jessica
    57 | D:2      | Killed Jessica
    57 | D:2      | Reached skill level 3 in Fighting
    57 | D:2      | Reached skill level 1 in Unarmed Combat
    57 | D:2      | Reached XP level 2. HP: 6/16 MP: 3/3
    82 | D:2      | Reached XP level 3. HP: 12/20 MP: 4/4
   181 | D:3      | Reached XP level 4. HP: 24/24 MP: 5/5
   279 | D:2      | Acquired Trog's second power
   414 | D:4      | Noticed an ogre
   418 | D:4      | Killed an ogre
   418 | D:4      | Reached skill level 4 in Unarmed Combat
   418 | D:4      | Reached XP level 5. HP: 28/28 MP: 5/7
   526 | D:5      | Entered Level 5 of the Dungeon
   526 | D:5      | Noticed an ice beast
   532 | D:5      | Killed an ice beast
   532 | D:5      | Reached skill level 5 in Unarmed Combat
   532 | D:5      | Gained mutation: You heal very quickly. [vine stalker growth]
   532 | D:5      | Reached XP level 6. HP: 21/32 MP: 8/8
   536 | D:5      | Noticed an ogre
   672 | D:5      | Noticed Prince Ribbit
   758 | D:4      | Reached skill level 6 in Unarmed Combat
   902 | D:6      | Found a staircase to the Ecumenical Temple.
   932 | D:6      | Noticed Crazy Yiuf
   938 | D:6      | Killed Crazy Yiuf
  1018 | D:6      | Reached XP level 7. HP: 36/36 MP: 9/9
  1031 | D:6      | Noticed a human
  1032 | D:6      | Noticed a human
  1035 | D:6      | Noticed a human
  1037 | D:6      | Noticed a human
  1051 | D:6      | Killed a human
  1061 | D:6      | Killed a human
  1090 | D:6      | Killed a human
  1090 | D:6      | Reached skill level 7 in Unarmed Combat
  1103 | D:6      | Killed a human
  1103 | D:6      | Gained mutation: You have razor-sharp teeth. [vine stalker growth]
  1103 | D:6      | Reached XP level 8. HP: 34/42 MP: 11/11
  1119 | D:6      | Found Unibaib's Book Emporium.
  1137 | D:6      | Noticed a human
  1159 | D:6      | Killed a human
  1193 | D:6      | Found Noetirra's General Store.
  1223 | D:6      | Bought a potion of mutation for 32 gold pieces
  1223 | D:6      | Bought a scroll of identify for 26 gold pieces
  1223 | D:6      | Bought a scroll of teleportation for 39 gold pieces
  1223 | D:6      | Bought a potion of agility for 32 gold pieces
  1227 | D:6      | Gained mutation: You have a pair of small antennae on your head. [potion of mutation]
  1227 | D:6      | Gained mutation: You are robust (+10% HP). [potion of mutation]
  1227 | D:6      | Gained mutation: You have sharp toenails. [potion of mutation]
  1414 | D:5      | Reached skill level 8 in Unarmed Combat
  1419 | D:5      | Killed an ogre
  1419 | D:5      | Reached skill level 1 in Shields
  1442 | D:5      | Noticed an ogre
  1472 | D:5      | Killed an ogre
  1584 | D:6      | Found Luifit's Distillery.
  1587 | D:6      | Bought a potion of agility for 32 gold pieces
  1587 | D:6      | Bought a potion of poison for 13 gold pieces
  1614 | D:6      | Reached XP level 9. HP: 42/50 MP: 12/12
  1835 | D:7      | Reached skill level 5 in Fighting
  2052 | D:8      | Reached skill level 9 in Unarmed Combat
  2409 | D:8      | Acquired Trog's third power
  2410 | D:8      | Found a staircase to the Lair.
  2433 | D:8      | Reached XP level 10. HP: 41/58 MP: 13/13
  2567 | Lair:1   | Entered Level 1 of the Lair of Beasts
  2568 | Lair:1   | Noticed Harold
  2582 | Lair:1   | Killed Harold
  2582 | Lair:1   | Reached skill level 5 in Armour
  2582 | Lair:1   | Reached skill level 5 in Dodging
  2582 | Lair:1   | Reached skill level 10 in Unarmed Combat
  2686 | Lair:1   | Got a brightly glowing trident
  2797 | Lair:3   | Noticed a spriggan rider
  2806 | Lair:3   | Killed a giant firefly
  2807 | Lair:3   | Killed a spriggan
  2879 | Lair:3   | Received a gift from Trog
  2991 | Lair:4   | Reached XP level 11. HP: 55/63 MP: 15/15
  3082 | Lair:5   | Reached skill level 11 in Unarmed Combat
  3169 | Lair:5   | Found a staircase to the Shoals.
  3242 | Lair:6   | Noticed Maud
  3245 | Lair:6   | Noticed a four-headed hydra
  3266 | Lair:6   | Killed Maud
  3266 | Lair:6   | Reached skill level 5 in Shields
  3620 | Lair:6   | Reached skill level 1 in Evocations
  3929 | Lair:7   | Found a staircase to the Slime Pits.
  3930 | Lair:7   | Found a viscous altar of Jiyva.
  3968 | Lair:7   | Gained mutation: You regenerate. [vine stalker growth]
  3968 | Lair:7   | Reached XP level 12. HP: 52/69 MP: 19/19
  4140 | Lair:8   | Entered Level 8 of the Lair of Beasts
  4169 | Lair:8   | Noticed a four-headed hydra
  4175 | Lair:8   | Killed a four-headed hydra
  4175 | Lair:8   | Reached skill level 12 in Unarmed Combat
  4223 | Lair:8   | Noticed a death yak
  4227 | Lair:8   | Noticed a death yak
  4229 | Lair:8   | Noticed a death yak
  4229 | Lair:8   | Noticed a death yak
  4230 | Lair:8   | Noticed a death yak
  4243 | Lair:8   | Killed a death yak
  4245 | Lair:8   | Killed a death yak
  4250 | Lair:8   | Killed a death yak
  4254 | Lair:8   | Killed a death yak
  4256 | Lair:8   | Received a gift from Trog
  4293 | Lair:8   | Killed a death yak
  4356 | Lair:8   | Found a snail-covered altar of Cheibriados.
  4475 | Lair:8   | Noticed a death yak
  4476 | Lair:8   | Noticed a death yak
  4476 | Lair:8   | Noticed a death yak
  4495 | Lair:8   | Killed a death yak
  4500 | Lair:8   | Killed a death yak
  4539 | Lair:8   | Killed a death yak
  4732 | Lair:8   | Reached XP level 13. HP: 73/75 MP: 22/22
  4812 | Lair:8   | Noticed an eight-headed hydra
  4817 | Lair:8   | Killed an eight-headed hydra
  4817 | Lair:8   | Reached skill level 13 in Unarmed Combat
  4878 | Lair:8   | Noticed a six-headed hydra
  4888 | Lair:8   | Killed a six-headed hydra
  4888 | Lair:8   | Reached skill level 5 in Evocations
  4935 | Lair:8   | Paralysed by a wizard for 4 turns
  4958 | Lair:8   | Found a burning altar of Makhleb.
  5012 | Lair:8   | Found a gateway to Hell.
  5314 | Lair:3   | Found a staircase to the Snake Pit.
  5446 | D:9      | Noticed Eustachio
  5467 | D:9      | Killed Eustachio
  5583 | D:10     | Entered Level 10 of the Dungeon
  5943 | D:11     | Noticed Gastronok
  5953 | D:11     | Killed Gastronok
  6098 | D:11     | Found a labyrinth entrance.
  6115 | Lab      | Entered a labyrinth
  6765 | Lab      | Noticed a minotaur
  6772 | Lab      | Killed a minotaur
  6772 | Lab      | Received a gift from Trog
  6775 | Lab      | Got a jewelled crystal plate armour
  6804 | Lab      | Identified the +11 crystal plate armour of the Blind Marksman {rN+} (You found it in a labyrinth)
  6995 | D:12     | Reached XP level 14. HP: 82/82 MP: 25/25
  7122 | D:12     | Gained mutation: You are agile. (Dex +2) [potion of beneficial mutation]
  7143 | D:12     | Reached skill level 14 in Unarmed Combat
  7316 | D:9      | Found a staircase to the Orcish Mines.
  7319 | Orc:1    | Entered Level 1 of the Orcish Mines
  7433 | Orc:3    | Noticed Grum
  7459 | Orc:3    | Killed Grum
  7528 | Orc:3    | Found Cruosm's Distillery.
  7536 | Orc:3    | Bought a potion of might for 40 gold pieces
  7536 | Orc:3    | Bought a potion of might for 40 gold pieces
  7536 | Orc:3    | Bought a potion of restore abilities for 48 gold pieces
  7543 | Orc:3    | Found a frozen archway.
  7588 | IceCv    | Entered an ice cave
  7905 | Orc:3    | Received a gift from Trog
  7991 | Orc:4    | Entered Level 4 of the Orcish Mines
  8137 | Orc:4    | Found Maezij's Book Shoppe.
  8182 | Orc:4    | Noticed Urug
  8198 | Orc:4    | Killed Urug
  8227 | Orc:4    | Found Wuif's Antique Armour Emporium.
  8229 | Orc:4    | Found a staircase to the Elven Halls.
  8236 | Orc:4    | Bought a bloodstained cloak for 332 gold pieces
  8413 | Orc:4    | Found Psu Sche's Magic Scroll Emporium.
  8414 | Orc:4    | Found Ghareuna's Book Boutique.
  8415 | Orc:4    | Found Shaome's Jewellery Emporium.
  8415 | Orc:4    | Found Doikhlaekh's Antique Armour Boutique.
  8430 | Orc:4    | Identified the +1 cloak "Qaumo" {+Blink rF++} (You bought it in a shop on level 4 of the Orcish Mines)
  8538 | Orc:4    | Found Stued's Antique Weapon Emporium.
  8752 | Orc:2    | Found Byodghyth's Assorted Antiques.
  8894 | Orc:4    | Bought the +0 mask of the Dragon {MR+ Acc+3 Dam+3 SInv} for 1191 gold pieces
  8955 | Elf:1    | Entered Level 1 of the Elven Halls
  9021 | Elf:1    | Reached skill level 10 in Fighting
  9099 | Elf:2    | Noticed Rupert
  9109 | Elf:2    | Killed Rupert
  9109 | Elf:2    | Reached skill level 15 in Unarmed Combat
  9142 | Elf:3    | Entered Level 3 of the Elven Halls
  9163 | Elf:3    | Noticed a deep elf demonologist
  9178 | Elf:3    | Killed a deep elf demonologist
  9194 | Elf:3    | Noticed a deep elf demonologist
  9202 | Elf:3    | Noticed an Executioner
  9208 | Elf:3    | Noticed a deep elf demonologist
  9212 | Elf:3    | Noticed a balrug
  9216 | Elf:3    | Killed a deep elf demonologist
  9216 | Elf:3    | Reached XP level 15. HP: 52/88 MP: 26/26
  9220 | Elf:3    | Noticed a Brimstone Fiend
  9258 | Elf:2    | Noticed Donald
  9273 | Elf:2    | Killed Donald
  9337 | Elf:3    | Noticed a deep elf blademaster
  9356 | Elf:3    | Killed a deep elf blademaster
  9364 | Elf:3    | Received a gift from Trog
  9442 | Elf:3    | why...
  9456 | Elf:3    | Noticed a deep elf demonologist
  9468 | Elf:3    | Noticed a deep elf demonologist
  9469 | Elf:3    | Killed a deep elf demonologist
  9481 | Elf:3    | Killed a deep elf demonologist
  9495 | Elf:3    | Noticed a deep elf blademaster
  9518 | Elf:3    | Noticed a deep elf demonologist
  9538 | Elf:3    | Killed a deep elf blademaster
  9547 | Elf:3    | Noticed a Hell Sentinel
  9632 | Elf:3    | Killed a deep elf demonologist
  9634 | Elf:3    | Got a crude jade ring
  9761 | Elf:3    | Noticed a deep elf master archer
  9787 | Elf:3    | HP: 1/89 [spectral elf/poison arrow[a deep elf death mage] (20)]
  9791 | Elf:3    | Killed from afar by a deep elf high priest

Action                   |  1- 3 |  4- 6 |  7- 9 | 10-12 | 13-15 || total
-------------------------+-------+-------+-------+-------+-------++-------
Melee: Mace              |    24 |    93 |       |       |       ||   117
       Unarmed           |     2 |    38 |   323 |   506 |  1006 ||  1875
Invok: Berserk           |     1 |     4 |     6 |    16 |    14 ||    41
       Trog's Hand       |       |     2 |     2 |     6 |    11 ||    21
       Brothers in Arms  |       |       |       |       |     8 ||     8
Evoke: Wand              |       |       |       |     3 |     3 ||     6
  Use: Potion            |     1 |       |     1 |       |     2 ||     4
       Scroll            |       |       |     5 |    11 |    19 ||    35
 Stab: Sleeping          |     1 |       |       |       |       ||     1
       Fleeing           |       |       |       |       |     1 ||     1
       Distracted        |       |       |       |       |     1 ||     1

Vault maps used:
D:1:      minmay_arrival_semitransparent, serial_bayou_lake_a
D:2:      trog_hazing_becter, uniq_jessica
D:3:      minivault_19
D:4:      first_bread, corexii_hall_statues_l
D:5:      mumra_celtic_spiral_tile, uniq_prince_ribbit1
D:6:      grunt_temple_overflow_open, minmay_temple_entry_junction,
          serial_shops, shop, kennysheep_mini_moat, shop_fountains,
          kennysheep_little_box, minmay_ruffians, uniq_crazy_yiuf_cottage,
          uniq_blork_the_orc
D:8:      minmay_lair_entry_grove
D:9:      orc_0_dummy, uniq_eustachio
D:10:     hangedman_ranch
D:11:     lab_entry_generic, hangedman_decor_opposing, uniq_gastronok,
          uniq_josephine
Orc:1:    lemuel_ogre_cave, uniq_snorg
Orc:2:    serial_shops, shop_statue
Orc:3:    portal_ice_cave_entry_animals_and_master, serial_shops, shop,
          nicolae_orc_pool_cavern, uniq_grum
Orc:4:    serial_shops, shop_fountains, shop_coins, shop,
          grunt_orc_tribal_feast, uniq_urug
Elf:1:    special_room, serial_shops, nicolae_shop_behind_doors,
          grunt_megastairs_5
Elf:2:    uniq_donald, uniq_rupert, uniq_jorgrun
Elf:3:    elf_hall_gauntlet_narrow
Lair:1:   uniq_harold
Lair:2:   disabler_island
Lair:3:   guppyfry_snake_entry_garden, grunt_forest_large_clearings,
          lemuel_fruit_tree
Lair:4:   serial_bayou_shore_b
Lair:5:   elwin_shoals_entry_stream, infiniplex_staircase_pool_2,
          lemuel_strawberry_fields
Lair:6:   serial_bayou_shore_a, uniq_maud
Lair:7:   slime_altar_1
Lair:8:   evil_forest, basic_altar, minmay_stone_trees_medium
IceCv:    ice_cave_small_demon
